 Dungeon Crawl Stone Soup version 0.20.1-1-g8b1a95d (webtiles) character file.

87 equalderp2856 the Skirmisher (level 4, -2/35 HPs)
             Began as a Mummy Fighter on Oct 28, 2017.
             Killed from afar by Natasha (12 damage)
             ... with a magic dart
             ... on level 2 of the Dungeon.
             The game lasted 00:01:09 (1441 turns).

equalderp2856 the Skirmisher (Mummy Fighter)        Turns: 1441, Time: 00:01:09

Health: -2/35      AC:  6    Str: 19    XL:     4   Next: 28%
Magic:  4/4        EV:  7    Int:  8    God:
Gold:   115        SH:  9    Dex: 11    Spells: 3/3 levels left

rFire    x . .     SeeInvis .   a - +0 war axe
rCold    + . .     Gourm    .   c - +0 shield
rNeg     + + +     Faith    .   b - +0 scale mail
rPois    ∞         Spirit   .   (no helmet)
rElec    .         Reflect  .   (no cloak)
rCorr    .         Harm     .   (no gloves)
MR       .....                  (no boots)
Stlth    ..........             (no amulet)
Regen    0.2/turn               (no ring)
MPRegen  0.1/turn               (no ring)

@: no status effects
A: no food or potions, fire vulnerability, cold resistance 1, negative energy
resistance 3, torment resistance, unbreathing
a: no special abilities


You were on level 2 of the Dungeon.
You were not hungry.

You visited 1 branch of the dungeon, and saw 2 of its levels.

You collected 115 gold pieces.

Inventory:

Hand Weapons
 a - a +0 war axe (weapon)
Armour
 b - a +0 scale mail (worn)
 c - a +0 shield (worn)
Jewellery
 k - an uncursed ring of protection from cold {unknown}
 l - an uncursed ring of stealth {unknown}
Scrolls
 d - 2 scrolls of enchant armour {unknown}
 e - 6 scrolls of identify {unknown}
 f - a scroll of magic mapping {unknown}
 g - a scroll of fear {unknown}
 h - 2 scrolls of teleportation {unknown}
 i - a scroll of remove curse {unknown}
 j - a scroll of fog {unknown}


   Skills:
 + Level 3.4 Fighting
 + Level 2.3 Axes
 + Level 2.9 Armour
 + Level 0.7 Dodging
 + Level 2.9 Shields


You had 3 spell levels left.
You didn't know any spells.

Dungeon Overview and Level Annotations

Branches:
Dungeon (2/15)

Altars:
Sif Muna

Annotations:
D:2 Natasha


Innate Abilities, Weirdness & Mutations

You do not eat or drink.
Your flesh is vulnerable to fire.
You are immune to poison.
Your flesh is cold resistant. (rC+)
You are immune to negative energy. (rN+++)
You are immune to unholy pain and torment.
You can survive without breathing.


Message History

You see here a stone.
You see here a stone.
Things that are here:
a whip; 3 stones; a kobold corpse You see here a red potion.
Natasha, Servant of Life and Death comes into view.
Natasha hisses angrily.
Natasha is nearby!
Natasha is nearby!
Natasha wildly gestures.
You feel disoriented.
Natasha zaps a wand.
The puff of flame hits you! The fire burns you terribly!
It is a wand of flame (?/48).
An adder comes into view.
The adder hisses angrily.
Natasha zaps a wand.
The puff of flame hits you! The fire burns you terribly!
* * * LOW HITPOINT WARNING * * *
Natasha stares at you and mumbles some strange words.
The magic dart hits you!
You die...

############
###...........
#_'...........
###........... .
############ ...##
##.## #.. #
...h..#######...###
#.. # #....@.........#
#>. #
##########...#.#######
### ##.##..!).(.( #.#
#.########## #.# #.#
#.# #.# #.# #.# #.#
######.##### #.# #.#
#..........# #.#
#.######.####.###.#


You could see Natasha.

Vanquished Creatures
  Terence (D:2)
  An adder (D:2)
  2 oozes (D:1)
  A dart slug (D:1)
  A leopard gecko (D:2)
  4 goblins
  4 hobgoblins
  12 jackals (D:2)
  5 bats
  2 frilled lizards
  3 kobolds
  2 rats (D:1)
38 creatures vanquished.

Notes
Turn   | Place    | Note
-------+----------+-------------------------------------------
     0 | D:1      | equalderp2856 the Mummy Fighter began the quest for the Orb.
     0 | D:1      | Reached XP level 1. HP: 18/18 MP: 1/1
    61 | D:1      | Reached XP level 2. HP: 11/24 MP: 2/2
   856 | D:2      | Reached XP level 3. HP: 25/29 MP: 3/3
   879 | D:2      | Noticed Terence
   885 | D:2      | Killed Terence
   985 | D:2      | Reached XP level 4. HP: 25/35 MP: 4/4
  1406 | D:2      | Found a deep blue altar of Sif Muna.
  1438 | D:2      | Noticed Natasha
  1441 | D:2      | Killed from afar by Natasha

Skill      XL: |  1  2  3 |
---------------+----------+-----
Axes           | 2 |  2.3
Fighting       | |  3.4
Armour         | |  2.9
Dodging        | |  0.7
Shields        | |  2.9

Action                   |  1- 3 |  4- 6 || total
-------------------------+-------+-------++-------
Melee: War axe           |   112 |    26 ||   138
Armor: Scale mail        |    74 |    13 ||    87
Dodge: Dodged            |    45 |    13 ||    58
Block: Shield            |    79 |    17 ||    96
